Kradschützen Motorcycle Team
Construct Light Support Kompanie
Construct Mechanized Kompanie
Selects L6/40 Light Tank Combat Group
Selects Towed Cannone da 105/28 Field Howitzer
Construct Panzerarmee Kommand
Panzerjäger Mechanized Group
Flak 36 Anti-tank Gun Team
Selects Defensive Operations
Towed Cannone da 105/28 Field Howitzer
Selects Prepared Positions
Selects Obice 305mm Barrage
Flak 36 Anti-tank Gun Team